 Dungeon Crawl Stone Soup version 0.16-a0-4112-g89a4107 (console) character file.

0 mauris the Ducker (level 1, -5/11 HPs)
             Began as a Spriggan Abyssal Knight on Feb 28, 2015.
             Was a Follower of Lugonu.
             Killed by divine providence
             ... invoked by a smoke demon
              (14 damage)
             ... on level 4 of the Abyss.
             The game lasted 00:02:06 (163 turns).

mauris the Ducker (Spriggan Abyssal Knight)          Turns: 163, Time: 00:02:06

Health: -5/11      AC:  2    Str:  8    XL:     1   Next: 0%
Magic:  2/2        EV: 18    Int: 13    God:    Lugonu [*.....]
Gold:   0          SH:  0    Dex: 15    Spells: 0 memorised, 0 levels left

rFire  . . .     SeeInvis +     a - +1 short sword
rCold  . . .     Clarity  .     b - +0 robe
rNeg   . . .     SustAb   .     (shield restricted)
rPois  .         Gourm    .     (helmet restricted)
rElec  .         Spirit   .     (no cloak)
rCorr  .         Warding  .     (gloves unavailable)
rMut   .         Stasis   .     (boots unavailable)
MR     .....                    (no amulet)
Stlth  +.........               (no ring)
                                (no ring)

@: non-regenerating, mildly diseased, very quick, not resistant to hostile
enchantments, very unstealthy
A: unfitting armour, see invisible, herbivore 3, speed 3, slow metabolism 2
a: Depart the Abyss, Renounce Religion


You were on level 4 of the Abyss.
You worshipped Lugonu.
Lugonu was aware of your devotion.
You were not hungry.

You visited 0 branches of the dungeon, and saw 0 of its levels.
You visited the Abyss 1 time.

Inventory:

Hand weapons
 a - a +1 short sword (weapon)
Armour
 b - a +0 robe (worn)
Comestibles
 c - a bread ration


   Skills:
 + Level 2.4 Fighting
 + Level 2.1 Short Blades
 + Level 0.6 Armour
 + Level 3.0 Dodging
 + Level 1.7 Invocations


You couldn't memorise any spells.
You didn't know any spells.

Dungeon Overview and Level Annotations

Branches:
Dungeon (0/15)

Altars:


Innate Abilities, Weirdness & Mutations

You are tiny and cannot use many weapons and most armour.
You have supernaturally acute eyesight.
You are a herbivore.
You cover ground extremely quickly.
You need consume almost no food.


Message History

Found 43 gold pieces and 15 stones.
Found a corrupted altar of Lugonu.
Found 29 gold pieces.
Found an arbalest.
Found 52 gold pieces.
Found a scroll labeled ROKOEST EBAOR.
Found a sack of spiders.
A flying skull comes into view.
The flying skull gives a hideous shriek!
A large abomination comes into view.
You feel yourself growing ill in the presence of the ancient zyme.
An ancient zyme comes into view.
You feel ill.
A smoke demon comes into view.
The smoke demon roars!
You hear a chilling moan.
A large abomination comes into view.
The large abomination misses you. The smoke demon gestures at you.
Something smites you!
Ouch! That really hurt!
You die...

... .. ...#.##. ..
.#.##..#.####
......#....##.#..##
.....#.#..#..#.#.#.#
. ...x z ##..z...
..# .
..###.###..#.#.##.#
x #.#.#..#.3##...
.## .#####.#.# ....
### #..X@.# .....
#....#.# .... #...##
.. .. #.### .# . ##
#


You could see a large abomination, a smoke demon and a flying skull.

Vanquished Creatures (others)
  2 starspawn tentacles (Abyss:4)
  20 starspawn tentacle segments (Abyss:4)
22 creatures vanquished.

Notes
Turn   | Place    | Note
--------------------------------------------------------------
     0 | Abyss:1  | mauris, the Spriggan Abyssal Knight, began the quest for the Orb.
     0 | Abyss:1  | Reached XP level 1. HP: 11/11 MP: 2/2
    57 | Abyss:4  | Noticed a small abomination
    59 | Abyss:4  | Noticed a fire giant skeleton
    64 | Abyss:4  | Noticed a tentacled starspawn
    64 | Abyss:4  | Noticed a chaos spawn
    66 | Abyss:4  | Found a shattered altar of Ashenzari.
    67 | Abyss:4  | Huge Dmg: 3 Dmg
    81 | Abyss:4  | Noticed an orc sorcerer
    87 | Abyss:4  | Noticed an iron imp
    89 | Abyss:4  | Noticed a starcursed mass
    90 | Abyss:4  | Found a corrupted altar of Lugonu.
    97 | Abyss:4  | Noticed an ancient zyme
   106 | Abyss:4  | Noticed an ancient zyme
   124 | Abyss:4  | Noticed a flying skull
   144 | Abyss:4  | Noticed a large abomination
   149 | Abyss:4  | Noticed an ancient zyme
   158 | Abyss:4  | Noticed a smoke demon
   161 | Abyss:4  | Noticed a large abomination
   163 | Abyss:4  | Killed from afar by a smoke demon

Action                   || total
-------------------------++-------
Melee: Short sword       ||     1

Vault maps used:
Abyss:2:  evilmike_abyss_exit_10
Abyss:3:  evilmike_abyss_rune_seething_chaos
Abyss:4:  grunt_abyss_rune_sword_and_sorcery
